[Event "Denmark Team Championship 2022"]
[Site "Denmark"]
[Date "2022.10.29"]
[Round "1.8"]
[White "Pedersen, Peer Ole"]
[Black "Palm, Nikolaj"]
[Result "1/2-1/2"]
[ECO "D60"]
[WhiteElo "2085"]
[BlackElo "2308"]
[Annotator "ChessBase"]
[PlyCount "110"]
[EventDate "2022.10.29"]
[EventType "team-tourn"]
[EventCountry "DEN"]
[SourceTitle "playchess.com"]
[Source "ChessBase"]
[SourceQuality "1"]
[TimeControl "40/5400+30:1800+30"]

1. c4 e6 2. Nc3 d5 3. d4 Nf6 4. Nf3 Be7 5. Bg5 Nbd7 6. e3 O-O 7. Bd3 a6 8. Rc1 h6 9. Bh4 dxc4 10. Bxc4 b5 11. Bd3 Bb7 12. O-O c5 13. Qe2 cxd4 14. Nxd4 Nc5 15. Bc2 Nd5 16. Bxe7 Nxc3 17. Bxd8 Nxe2+ 18. Nxe2 Rfxd8 19. Rfd1 b4 20. Rxd8+ Rxd8 21. Rd1 Rxd1+ 22. Bxd1 Nd3 23. b3 e5 24. f3 Kf8 25. Bc2 Nc5 26. Kf2 Ke7 27. g3 a5 28. Nc1 Ba6 29. e4 Kd6 30. Ke3 f6 31. Bd3 Bc8 32. f4 Be6 33. Bc2 Bd7 34. Nd3 Nxd3 35. Kxd3 exf4 36. gxf4 Kc5 37. f5 Be8 38. Ke3 Bf7 39. Bd1 Be8 40. Kd3 Bf7 41. Ke3 a4 42. Bc2 a3 43. Bd1 Be8 44. Bc2 g5 45. fxg6 Bxg6 46. Bd3 Bf7 47. Bc2 Be6 48. Bd1 Bf7 49. Bc2 Bg6 50. Bd3 Bf7 51. Bb1 Bh5 52. Bc2 Be8 53. Bd3 Bf7 54. Bc2 Bh5 55. Kd3 Bf7 1/2-1/2

[Event "Denmark Team Championship 2022"]
[Site "Denmark"]
[Date "2022.10.30"]
[Round "2.1"]
[White "Neiksans, Arturs"]
[Black "Svane, Rasmus"]
[Result "1/2-1/2"]
[ECO "A06"]
[WhiteElo "2594"]
[BlackElo "2615"]
[Annotator "ChessBase"]
[PlyCount "27"]
[EventDate "2022.10.29"]
[EventType "team-tourn"]
[EventCountry "DEN"]
[SourceTitle "playchess.com"]
[Source "ChessBase"]
[SourceQuality "1"]
[TimeControl "40/5400+30:1800+30"]

1. Nf3 d5 2. g3 g6 3. Bg2 Bg7 4. d4 Nf6 5. O-O O-O 6. c4 dxc4 7. Na3 c5 8. Nxc4 Be6 9. Nce5 cxd4 10. Qxd4 Bd5 11. Rd1 Nc6 12. Qc5 Qb6 13. Qxb6 axb6 14. Be3 1/2-1/2

[Event "Denmark Team Championship 2022"]
[Site "Denmark"]
[Date "2022.10.30"]
[Round "2.1"]
[White "Hansen, Sune Berg"]
[Black "Ochsner, Bjorn Moller"]
[Result "1/2-1/2"]
[ECO "B50"]
[WhiteElo "2525"]
[BlackElo "2504"]
[Annotator "ChessBase"]
[PlyCount "52"]
[EventDate "2022.10.29"]
[EventType "team-tourn"]
[EventCountry "DEN"]
[SourceTitle "playchess.com"]
[Source "ChessBase"]
[SourceQuality "1"]
[TimeControl "40/5400+30:1800+30"]

1. e4 c5 2. Nf3 d6 3. g3 Nc6 4. Bg2 g6 5. O-O Bg7 6. c3 e5 7. d3 Nge7 8. a3 O-O 9. b4 b6 10. Nbd2 Ba6 11. Qc2 Rc8 12. Qb1 Bb7 13. Re1 Qd7 14. Bb2 h6 15. d4 exd4 16. cxd4 Nxd4 17. Nxd4 cxd4 18. Nf3 Nc6 19. Rd1 Ne5 20. Bxd4 Qg4 21. Nxe5 dxe5 22. Be3 Rfd8 23. Rxd8+ Rxd8 24. Qf1 h5 25. Rc1 Rc8 26. h3 Rxc1 1/2-1/2

[Event "Denmark Team Championship 2022"]
[Site "Denmark"]
[Date "2022.10.30"]
[Round "2.1"]
[White "Mikkelsen, Nikolaj"]
[Black "Hillarp Persson, Tiger"]
[Result "1/2-1/2"]
[ECO "B51"]
[WhiteElo "2475"]
[BlackElo "2511"]
[Annotator "ChessBase"]
[PlyCount "123"]
[EventDate "2022.10.29"]
[EventType "team-tourn"]
[EventCountry "DEN"]
[SourceTitle "playchess.com"]
[Source "ChessBase"]
[SourceQuality "1"]
[TimeControl "40/5400+30:1800+30"]

1. e4 c5 2. Nf3 d6 3. Bb5+ Nd7 4. O-O Ngf6 5. Re1 a6 6. Bf1 b6 7. d4 cxd4 8. Nxd4 Bb7 9. c4 e6 10. Nc3 Be7 11. f3 Rc8 12. a4 O-O 13. Be3 Ne5 14. b3 Qc7 15. Rc1 Rfe8 16. Kh1 Qb8 17. Qd2 Bd8 18. Red1 Bc7 19. Bg1 h5 20. Rb1 h4 21. Qf2 Ng6 22. b4 Qa8 23. b5 a5 24. Nc6 Bxc6 25. bxc6 Qxc6 26. Nb5 Nd7 27. Na7 Qa8 28. Nxc8 Rxc8 29. Qb2 Nc5 30. Bd4 Nxa4 31. Qa1 e5 32. Qxa4 exd4 33. Rxd4 Ne5 34. Qd1 Re8 35. g3 Qd8 36. Bg2 hxg3 37. hxg3 Qf6 38. Kg1 Nc6 39. Rd5 Nb4 40. Rf5 Qg6 41. f4 Qe6 42. Rh5 Bd8 43. Qd4 Qg6 44. Rh3 b5 45. Kh2 bxc4 46. Rh1 Qf6 47. Qxc4 g6 48. Rd1 Bb6 49. Qb5 Rb8 50. Qd7 Bc5 51. Qc7 Qd8 52. Qxd8+ Rxd8 53. e5 Nc2 54. Bf3 Nd4 55. Kg2 dxe5 56. fxe5 Rb8 57. Rd2 Re8 58. Rh4 Nxf3 59. Kxf3 Rxe5 60. Re4 Rxe4 61. Kxe4 Kg7 62. Rd5 1/2-1/2

[Event "Denmark Team Championship 2022"]
[Site "Denmark"]
[Date "2022.10.30"]
[Round "2.1"]
[White "Hector, Jonny"]
[Black "Matthiesen, Martin"]
[Result "1-0"]
[ECO "C55"]
[WhiteElo "2454"]
[BlackElo "2328"]
[Annotator "ChessBase"]
[PlyCount "117"]
[EventDate "2022.10.29"]
[EventType "team-tourn"]
[EventCountry "DEN"]
[SourceTitle "playchess.com"]
[Source "ChessBase"]
[SourceQuality "1"]
[TimeControl "40/5400+30:1800+30"]

1. e4 e5 2. Nf3 Nc6 3. Bc4 Nf6 4. Qe2 Bc5 5. c3 O-O 6. d3 d5 7. Bb3 dxe4 8. dxe4 Qe7 9. Bg5 Nd8 10. Nbd2 Ne6 11. h4 h6 12. Bxf6 Qxf6 13. g3 a5 14. Nc4 a4 15. Bc2 Bd6 16. Nh2 Qe7 17. Ng4 Nc5 18. Rd1 b5 19. Nce3 c6 20. Nf5 Bxf5 21. exf5 f6 22. O-O Rfd8 23. b4 axb3 24. axb3 Qc7 25. Qf3 Be7 26. b4 Na4 27. Be4 Rac8 28. Rxd8+ Bxd8 29. Bc2 Be7 30. c4 Rd8 31. Bb3 Kh8 32. Rc1 Qd7 33. Rd1 Qe8 34. Rxd8 Bxd8 35. Bxa4 bxa4 36. Qa3 Qd7 37. Ne3 Qa7 38. c5 Qa6 39. Kg2 e4 40. Qa2 Bc7 41. Qf7 a3 42. Ng4 Bd8 43. Qe8+ Kh7 44. Qxd8 a2 45. Nxf6+ gxf6 46. Qe7+ Kg8 47. Qe8+ Kg7 48. Qg6+ Kf8 49. Qxf6+ Ke8 50. b5 Qa3 51. Qxc6+ Kf7 52. Qe6+ Kf8 53. Qxh6+ Kf7 54. Qe6+ Kf8 55. f6 Qa7 56. b6 Qf7 57. Qc8+ Qe8 58. b7 a1=Q 59. Qxe8+ 1-0

[Event "Denmark Team Championship 2022"]
[Site "Denmark"]
[Date "2022.10.30"]
[Round "2.1"]
[White "Petersen, Tom Petri"]
[Black "Nielsen, Viktor Haarmark"]
[Result "0-1"]
[ECO "A04"]
[WhiteElo "2300"]
[BlackElo "2384"]
[Annotator "ChessBase"]
[PlyCount "70"]
[EventDate "2022.10.29"]
[EventType "team-tourn"]
[EventCountry "DEN"]
[SourceTitle "playchess.com"]
[Source "ChessBase"]
[SourceQuality "1"]
[TimeControl "40/5400+30:1800+30"]

1. Nf3 c5 2. g3 Nc6 3. Bg2 g6 4. O-O Bg7 5. c4 e6 6. Nc3 Nge7 7. e3 Nf5 8. d3 O-O 9. e4 Nfd4 10. Nxd4 Nxd4 11. Rb1 Rb8 12. Be3 d6 13. Ne2 b5 14. cxb5 Rxb5 15. Nxd4 Bxd4 16. Bxd4 cxd4 17. Qd2 Bd7 18. Rfc1 Qb8 19. b4 a5 20. a3 axb4 21. Rxb4 Rxb4 22. axb4 Qb6 23. h4 h5 24. Bf1 Rb8 25. Rb1 Rc8 26. Qg5 e5 27. Be2 Bb5 28. Ra1 Qd8 29. Qh6 Ra8 30. Rxa8 Qxa8 31. Qg5 Kg7 32. Qe7 Qa6 33. g4 Bxd3 34. g5 Bxe2 35. Qf6+ Kg8 0-1

[Event "Denmark Team Championship 2022"]
[Site "Denmark"]
[Date "2022.10.30"]
[Round "2.2"]
[White "Bjerre, Jonas Buhl"]
[Black "Thybo, Jesper Sondergaard"]
[Result "1-0"]
[ECO "B34"]
[WhiteElo "2612"]
[BlackElo "2498"]
[Annotator "ChessBase"]
[PlyCount "105"]
[EventDate "2022.10.29"]
[EventType "team-tourn"]
[EventCountry "DEN"]
[SourceTitle "playchess.com"]
[Source "ChessBase"]
[SourceQuality "1"]
[TimeControl "40/5400+30:1800+30"]

1. e4 c5 2. Nf3 Nc6 3. d4 cxd4 4. Nxd4 Nf6 5. Nc3 e5 6. Nde2 Bc5 7. Ng3 O-O 8. Bc4 d6 9. O-O Ng4 10. h3 Qh4 11. Qf3 Nd4 12. Qd3 Be6 13. Bb3 Nxb3 14. axb3 Nf6 15. Be3 a6 16. Bxc5 dxc5 17. Qe3 Rac8 18. Rfd1 Qf4 19. Nf1 h6 20. f3 c4 21. b4 Rc6 22. Ra5 b5 23. Raa1 Bc8 24. Rd2 Nh5 25. Nd5 Qh4 26. Qf2 Qxf2+ 27. Kxf2 Re8 28. Nfe3 Nf4 29. Rad1 g5 30. Nf5 Bxf5 31. exf5 Kg7 32. Nc3 Nh5 33. Rd6 Rec8 34. Ne4 Nf4 35. Rxc6 Rxc6 36. Rd7 Kg8 37. Re7 Nd5 38. Re8+ Kg7 39. c3 Nf4 40. g3 Nxh3+ 41. Ke3 f6 42. Re7+ Kg8 43. Re6 Rxe6 44. fxe6 Kf8 45. Nxf6 Ke7 46. Ng8+ Kxe6 47. Nxh6 Kf6 48. Ke2 Kg6 49. Ng4 Kf5 50. Ne3+ Ke6 51. Kf1 g4 52. Nxg4 Ng5 53. Nxe5 1-0

[Event "Denmark Team Championship 2022"]
[Site "Denmark"]
[Date "2022.10.30"]
[Round "2.2"]
[White "Castellanos Rodriguez, Renier"]
[Black "Haubro, Martin"]
[Result "1-0"]
[ECO "C77"]
[WhiteElo "2474"]
[BlackElo "2398"]
[Annotator "ChessBase"]
[PlyCount "83"]
[EventDate "2022.10.29"]
[EventType "team-tourn"]
[EventCountry "DEN"]
[SourceTitle "playchess.com"]
[Source "ChessBase"]
[SourceQuality "1"]
[TimeControl "40/5400+30:1800+30"]

1. e4 e5 2. Nf3 Nc6 3. Bb5 a6 4. Ba4 Nf6 5. d3 d6 6. c3 g6 7. h3 Bg7 8. O-O O-O 9. Re1 Re8 10. Be3 h6 11. Nbd2 b5 12. Bc2 Bb7 13. a4 Nb8 14. b4 Nbd7 15. Nb3 Qb8 16. Na5 Bc8 17. Qd2 Kh7 18. Bb3 Rf8 19. Qa2 c5 20. Nc6 Qc7 21. Ne7 Nb6 22. Nxc8 Raxc8 23. axb5 axb5 24. Qa5 Nbd7 25. Qxb5 cxb4 26. cxb4 Rb8 27. Qc4 Qxc4 28. Bxc4 Rxb4 29. Ra7 Kg8 30. Rea1 Rfb8 31. Rc7 R4b7 32. Ra7 Rxc7 33. Rxc7 Kf8 34. g4 Ke7 35. Kg2 Nh7 36. Bxf7 Nhf8 37. Bd5 Rb4 38. Ra7 Rb8 39. Nd2 Rc8 40. Nc4 Rd8 41. Bb6 Rc8 42. Bc7 1-0

[Event "Denmark Team Championship 2022"]
[Site "Denmark"]
[Date "2022.10.30"]
[Round "2.2"]
[White "Domingo Nunez, Ruben"]
[Black "Veng, Johnni"]
[Result "1-0"]
[ECO "B20"]
[WhiteElo "2383"]
[BlackElo "2214"]
[Annotator "ChessBase"]
[PlyCount "47"]
[EventDate "2022.10.29"]
[EventType "team-tourn"]
[EventCountry "DEN"]
[SourceTitle "playchess.com"]
[Source "ChessBase"]
[SourceQuality "1"]
[TimeControl "40/5400+30:1800+30"]

1. e4 c5 2. b3 d6 3. Bb2 Nf6 4. Bb5+ Bd7 5. Bxd7+ Qxd7 6. Qe2 Nc6 7. f4 e6 8. Nf3 Be7 9. c4 Nh5 10. g3 Bf6 11. Nc3 g6 12. e5 dxe5 13. Ne4 Bg7 14. fxe5 O-O-O 15. Nxc5 Qc7 16. d4 Nxd4 17. Bxd4 Rxd4 18. Nxd4 Qxc5 19. Nf3 Rd8 20. Rd1 Rxd1+ 21. Kxd1 g5 22. Re1 g4 23. Ng5 Qd4+ 24. Kc2 1-0

[Event "Denmark Team Championship 2022"]
[Site "Denmark"]
[Date "2022.10.30"]
[Round "2.2"]
[White "Vinter-Schou, Uffe"]
[Black "Schandorff, Lars"]
[Result "1/2-1/2"]
[ECO "C49"]
[WhiteElo "2382"]
[BlackElo "2476"]
[Annotator "ChessBase"]
[PlyCount "45"]
[EventDate "2022.10.29"]
[EventType "team-tourn"]
[EventCountry "DEN"]
[SourceTitle "playchess.com"]
[Source "ChessBase"]
[SourceQuality "1"]
[TimeControl "40/5400+30:1800+30"]

1. e4 e5 2. Nf3 Nc6 3. Nc3 Nf6 4. Bb5 Bb4 5. O-O O-O 6. Bxc6 dxc6 7. d3 Nd7 8. Bg5 f6 9. Be3 Re8 10. Nh4 Bxc3 11. bxc3 Nf8 12. Qf3 Kh8 13. Kh1 Be6 14. Rg1 b6 15. g4 g5 16. Nf5 Ng6 17. Qh3 Rg8 18. Ng3 Qd7 19. f3 Qf7 20. Nh5 Nf4 21. Nxf4 gxf4 22. Bf2 Rg6 23. Qf1 1/2-1/2

[Event "Denmark Team Championship 2022"]
[Site "Denmark"]
[Date "2022.10.30"]
[Round "2.3"]
[White "Rozentalis, Eduardas"]
[Black "Andersen, Mads"]
[Result "1/2-1/2"]
[ECO "C60"]
[WhiteElo "2500"]
[BlackElo "2604"]
[Annotator "ChessBase"]
[PlyCount "31"]
[EventDate "2022.10.29"]
[EventType "team-tourn"]
[EventCountry "DEN"]
[SourceTitle "playchess.com"]
[Source "ChessBase"]
[SourceQuality "1"]
[TimeControl "40/5400+30:1800+30"]

1. e4 e5 2. Nf3 Nc6 3. Bb5 Nge7 4. O-O g6 5. d4 exd4 6. Nxd4 Bg7 7. Be3 O-O 8. Nc3 d5 9. exd5 Nb4 10. Nde2 Nbxd5 11. Nxd5 Qxd5 12. Qxd5 Nxd5 13. Bd4 Nf4 14. Bxg7 Nxe2+ 15. Bxe2 Kxg7 16. Rad1 1/2-1/2

[Event "Denmark Team Championship 2022"]
[Site "Denmark"]
[Date "2022.10.30"]
[Round "2.3"]
[White "Percivaldi, Martin"]
[Black "Skytte, Rasmus"]
[Result "1-0"]
[ECO "D30"]
[WhiteElo "2400"]
[BlackElo "2354"]
[Annotator "ChessBase"]
[PlyCount "63"]
[EventDate "2022.10.29"]
[EventType "team-tourn"]
[EventCountry "DEN"]
[SourceTitle "playchess.com"]
[Source "ChessBase"]
[SourceQuality "1"]
[TimeControl "40/5400+30:1800+30"]

1. d4 d5 2. c4 e6 3. Nf3 a6 4. cxd5 exd5 5. Nc3 Nf6 6. Bg5 Be7 7. e3 Be6 8. Bd3 h6 9. Bf4 O-O 10. h3 c5 11. dxc5 Bxc5 12. O-O Nc6 13. Rc1 Ba7 14. Ne2 Rc8 15. Ne5 Nb4 16. Rxc8 Qxc8 17. Bb1 Ne4 18. Nd4 Bxd4 19. Qxd4 Nc6 20. Nxc6 Qxc6 21. Rd1 Rc8 22. f3 Nd6 23. e4 Nb5 24. Qd3 dxe4 25. Qxe4 Qxe4 26. Bxe4 Bxa2 27. Bxb7 Re8 28. Bxa6 Bc4 29. Rc1 Re6 30. Bc8 Rc6 31. Bd7 Rc5 32. Bxb5 1-0

[Event "Denmark Team Championship 2022"]
[Site "Denmark"]
[Date "2022.10.30"]
[Round "2.3"]
[White "Brynell, Stellan"]
[Black "Ramsdal, Jens Albert"]
[Result "1-0"]
[ECO "D38"]
[WhiteElo "2383"]
[BlackElo "2318"]
[Annotator "ChessBase"]
[PlyCount "109"]
[EventDate "2022.10.29"]
[EventType "team-tourn"]
[EventCountry "DEN"]
[SourceTitle "playchess.com"]
[Source "ChessBase"]
[SourceQuality "1"]
[TimeControl "40/5400+30:1800+30"]

1. d4 Nf6 2. Nf3 e6 3. c4 d5 4. Nc3 Bb4 5. e3 O-O 6. Bd3 dxc4 7. Bxc4 a6 8. O-O b5 9. Be2 Be7 10. b3 Nbd7 11. Bb2 Bb7 12. a4 c6 13. Bd3 Qb6 14. Qe2 Rfd8 15. Rfd1 Rac8 16. Rac1 Qa7 17. e4 Nf8 18. e5 Nd5 19. Nxd5 Rxd5 20. axb5 axb5 21. Nd2 Rdd8 22. Ne4 Qb6 23. Qc2 Ra8 24. Ra1 Rxa1 25. Rxa1 Rxd4 26. Bxd4 Qxd4 27. Qc3 Qxc3 28. Nxc3 Bc5 29. Rd1 f5 30. exf6 gxf6 31. Be4 f5 32. Bf3 e5 33. Rd8 e4 34. Bh5 e3 35. fxe3 Bxe3+ 36. Kf1 b4 37. Nd1 Bf4 38. g3 Bc7 39. Re8 c5 40. Re7 Ba6+ 41. Be2 Bd6 42. Ra7 Bxe2+ 43. Kxe2 f4 44. gxf4 Bxf4 45. h3 Ng6 46. Nf2 Bd6 47. Ne4 Be7 48. Kf3 Kf8 49. Rc7 c4 50. bxc4 b3 51. c5 Ne5+ 52. Ke2 Kf7 53. Kd2 b2 54. Kc2 Nc4 55. Nd6+ 1-0

[Event "Denmark Team Championship 2022"]
[Site "Denmark"]
[Date "2022.10.30"]
[Round "2.3"]
[White "Liu, Casper"]
[Black "Aagaard, Jacob"]
[Result "0-1"]
[ECO "E01"]
[WhiteElo "2317"]
[BlackElo "2455"]
[Annotator "ChessBase"]
[PlyCount "42"]
[EventDate "2022.10.29"]
[EventType "team-tourn"]
[EventCountry "DEN"]
[SourceTitle "playchess.com"]
[Source "ChessBase"]
[SourceQuality "1"]
[TimeControl "40/5400+30:1800+30"]

1. d4 Nf6 2. c4 e6 3. g3 d5 4. Bg2 Bb4+ 5. Bd2 Bxd2+ 6. Nxd2 O-O 7. Ngf3 b6 8. Ne5 Bb7 9. Qa4 c5 10. dxc5 bxc5 11. O-O Qb6 12. Nb3 Rc8 13. e3 Nc6 14. Nd3 dxc4 15. Qxc4 Ba6 16. Qc3 c4 17. Bxc6 cxb3 18. Ne5 Bxf1 19. Kxf1 Nd5 20. Qc4 Ne7 21. Rc1 bxa2 0-1

[Event "Denmark Team Championship 2022"]
[Site "Denmark"]
[Date "2022.10.30"]
[Round "2.3"]
[White "Sloth, Jorn"]
[Black "Christensen, Stefan"]
[Result "1/2-1/2"]
[ECO "E17"]
[WhiteElo "2296"]
[BlackElo "2293"]
[Annotator "ChessBase"]
[PlyCount "60"]
[EventDate "2022.10.29"]
[EventType "team-tourn"]
[EventCountry "DEN"]
[SourceTitle "playchess.com"]
[Source "ChessBase"]
[SourceQuality "1"]
[TimeControl "40/5400+30:1800+30"]

1. c4 Nf6 2. Nf3 b6 3. g3 Bb7 4. Bg2 e6 5. Nc3 Be7 6. d4 Ne4 7. Bd2 Bf6 8. Qc2 Nxd2 9. Qxd2 O-O 10. Rd1 d6 11. h4 Nd7 12. Qd3 g6 13. h5 e5 14. hxg6 fxg6 15. d5 Nc5 16. Qe3 e4 17. Nxe4 Nxe4 18. Qxe4 Bxb2 19. Qh4 Qxh4 20. Rxh4 Bf6 21. Re4 Ba6 22. Bh3 Rfe8 23. Be6+ Kg7 24. Kd2 Bc8 25. Kd3 Bxe6 26. dxe6 Re7 27. Nd4 Bxd4 28. Kxd4 c6 29. Kc3 Rd8 30. Rd3 g5 1/2-1/2

[Event "Denmark Team Championship 2022"]
[Site "Denmark"]
[Date "2022.10.30"]
[Round "2.4"]
[White "Svane, Frederik"]
[Black "Chatalbashev, Boris"]
[Result "1-0"]
[ECO "B08"]
[WhiteElo "2566"]
[BlackElo "2488"]
[Annotator "ChessBase"]
[PlyCount "65"]
[EventDate "2022.10.29"]
[EventType "team-tourn"]
[EventCountry "DEN"]
[SourceTitle "playchess.com"]
[Source "ChessBase"]
[SourceQuality "1"]
[TimeControl "40/5400+30:1800+30"]

1. e4 d6 2. d4 Nf6 3. Nc3 g6 4. Nf3 Bg7 5. Be2 O-O 6. O-O Bg4 7. Be3 Nc6 8. d5 Bxf3 9. Bxf3 Ne5 10. Be2 c6 11. a4 a5 12. Ra3 Qc7 13. Qd2 cxd5 14. exd5 Nc4 15. Bxc4 Qxc4 16. Bg5 Rfc8 17. Re1 Qg4 18. Rxe7 Rc4 19. h3 Qc8 20. Rb3 Nd7 21. Qe2 Rb4 22. Rxb4 axb4 23. Nb5 Be5 24. f4 Bxb2 25. Kh2 h6 26. Nxd6 Qf8 27. Nxf7 hxg5 28. Qe6 Nc5 29. Qxg6+ Bg7 30. Nh6+ Kh8 31. Rf7 gxf4 32. Nf5 f3 33. Rxg7 1-0

[Event "Denmark Team Championship 2022"]
[Site "Denmark"]
[Date "2022.10.30"]
[Round "2.4"]
[White "Vasli, Aref"]
[Black "Rostgaard, Tobias Valentin"]
[Result "1-0"]
[ECO "B51"]
[WhiteElo "2374"]
[BlackElo "2323"]
[Annotator "ChessBase"]
[PlyCount "81"]
[EventDate "2022.10.29"]
[EventType "team-tourn"]
[EventCountry "DEN"]
[SourceTitle "playchess.com"]
[Source "ChessBase"]
[SourceQuality "1"]
[TimeControl "40/5400+30:1800+30"]

1. e4 c5 2. Nf3 d6 3. Bb5+ Nd7 4. Ba4 Ngf6 5. O-O a6 6. c4 e5 7. Nc3 g6 8. d3 Bg7 9. a3 O-O 10. b4 h6 11. Rb1 Rb8 12. Ne1 Nh5 13. Nd5 b5 14. Bb3 cxb4 15. cxb5 Nc5 16. b6 Nf6 17. Nxf6+ Qxf6 18. Bd5 Rxb6 19. axb4 Ne6 20. Be3 Nd4 21. Qd2 g5 22. Nc2 Be6 23. Na3 Bxd5 24. exd5 g4 25. Nc4 Rb5 26. Bxd4 exd4 27. Ra1 Rxd5 28. Rxa6 Rd8 29. Qe2 h5 30. Rb1 Qg5 31. Ra5 Rb8 32. Rxd5 Qxd5 33. b5 Qc5 34. Qe7 Bf8 35. Qd7 Qd5 36. b6 Rb7 37. Qc8 f5 38. Nxd6 Qa2 39. Qc4+ Qxc4 40. Nxc4 Bc5 41. Rb5 1-0

[Event "Denmark Team Championship 2022"]
[Site "Denmark"]
[Date "2022.10.30"]
[Round "2.4"]
[White "Sorensen, Jan"]
[Black "Borge, Nikolaj"]
[Result "1-0"]
[ECO "B31"]
[WhiteElo "2370"]
[BlackElo "2388"]
[Annotator "ChessBase"]
[PlyCount "57"]
[EventDate "2022.10.29"]
[EventType "team-tourn"]
[EventCountry "DEN"]
[SourceTitle "playchess.com"]
[Source "ChessBase"]
[SourceQuality "1"]
[TimeControl "40/5400+30:1800+30"]

1. e4 c5 2. Nf3 Nc6 3. Bb5 g6 4. O-O Bg7 5. c3 Nf6 6. Re1 O-O 7. h3 d5 8. e5 Ne8 9. d4 Qb6 10. Bxc6 Qxc6 11. dxc5 Qxc5 12. Nbd2 f6 13. Nb3 Qc6 14. Bf4 f5 15. Qd2 Nc7 16. Nfd4 Qc4 17. Bg5 Re8 18. e6 a5 19. Qf4 Ra6 20. Qh4 Nxe6 21. Bxe7 a4 22. Nd2 Qc7 23. Bf6 a3 24. Bxg7 Kxg7 25. Nxe6+ Bxe6 26. Qd4+ Kg8 27. bxa3 Rxa3 28. Nb3 Qg7 29. Qb4 1-0

[Event "Denmark Team Championship 2022"]
[Site "Denmark"]
[Date "2022.10.30"]
[Round "2.4"]
[White "Matthiesen, Arne"]
[Black "Sylvan, Jacob"]
[Result "1/2-1/2"]
[ECO "D51"]
[WhiteElo "2314"]
[BlackElo "2310"]
[Annotator "ChessBase"]
[PlyCount "32"]
[EventDate "2022.10.29"]
[EventType "team-tourn"]
[EventCountry "DEN"]
[SourceTitle "playchess.com"]
[Source "ChessBase"]
[SourceQuality "1"]
[TimeControl "40/5400+30:1800+30"]

1. d4 d5 2. c4 e6 3. Nc3 Nf6 4. Bg5 Nbd7 5. e3 Be7 6. Nf3 h6 7. Bh4 O-O 8. Qc2 c5 9. cxd5 exd5 10. Be2 c4 11. O-O b6 12. Ne5 Bb7 13. Bf3 Re8 14. Rfd1 Qc8 15. Rac1 a6 16. a4 Bd8 1/2-1/2

[Event "Denmark Team Championship 2022"]
[Site "Denmark"]
[Date "2022.10.30"]
[Round "2.4"]
[White "Rasmussen, Casper"]
[Black "Christensen, Jan Schleicher"]
[Result "1/2-1/2"]
[ECO "A05"]
[WhiteElo "2289"]
[BlackElo "2167"]
[Annotator "ChessBase"]
[PlyCount "86"]
[EventDate "2022.10.29"]
[EventType "team-tourn"]
[EventCountry "DEN"]
[SourceTitle "playchess.com"]
[Source "ChessBase"]
[SourceQuality "1"]
[TimeControl "40/5400+30:1800+30"]

1. Nf3 Nf6 2. c4 c5 3. g3 b6 4. Bg2 Bb7 5. O-O e6 6. Nc3 a6 7. Re1 d6 8. d4 cxd4 9. Nxd4 Bxg2 10. Kxg2 Qc7 11. e4 Be7 12. Be3 Nbd7 13. Rc1 O-O 14. f3 Rfe8 15. b3 Rac8 16. Qd2 Qb7 17. Red1 Bf8 18. g4 Ne5 19. h3 Ng6 20. Qf2 b5 21. cxb5 axb5 22. Ndxb5 d5 23. exd5 exd5 24. Nd4 Bd6 25. Nce2 h5 26. Nf5 Ba3 27. Rxc8 Qxc8 28. Ned4 Qb8 29. Qg3 hxg4 30. hxg4 Qc8 31. Bg5 Qa6 32. Re1 Rxe1 33. Qxe1 Bc5 34. Qd2 Nh7 35. Be3 Nf6 36. Bg5 Nh7 37. Be3 Nf6 38. b4 Bb6 39. b5 Qa3 40. Bg5 Nd7 41. Be3 Nde5 42. Bf2 Nc4 43. Qc2 Nf4+ 1/2-1/2

[Event "Denmark Team Championship 2022"]
[Site "Denmark"]
[Date "2022.10.30"]
[Round "2.5"]
[White "Storme, Isak"]
[Black "Heimisson, Hilmir Freyr"]
[Result "1-0"]
[ECO "E06"]
[WhiteElo "2424"]
[BlackElo "2293"]
[Annotator "ChessBase"]
[PlyCount "75"]
[EventDate "2022.10.29"]
[EventType "team-tourn"]
[EventCountry "DEN"]
[SourceTitle "playchess.com"]
[Source "ChessBase"]
[SourceQuality "1"]
[TimeControl "40/5400+30:1800+30"]

1. d4 e6 2. c4 Nf6 3. Nf3 d5 4. g3 Be7 5. Bg2 O-O 6. O-O dxc4 7. Qc2 a6 8. a4 Bd7 9. Bg5 Bc6 10. Rd1 b5 11. Bxf6 Bxf6 12. Nc3 Qe8 13. e4 g6 14. h4 Bg7 15. h5 Bb7 16. d5 b4 17. Ne2 exd5 18. exd5 a5 19. Nfd4 Ba6 20. Nf4 Nd7 21. Nc6 c3 22. Re1 cxb2 23. Rad1 Ne5 24. h6 Bf6 25. Nh5 Bh8 26. Ng7 Nxc6 27. Nxe8 Nd4 28. Rxd4 Bxd4 29. Nxc7 Rac8 30. d6 Rfd8 31. d7 Rxd7 32. Nxa6 Rdd8 33. Qe2 Rc1 34. Kh2 Bg7 35. Qe7 Rdc8 36. Bd5 Bxh6 37. Qxf7+ Kh8 38. Re8+ 1-0

[Event "Denmark Team Championship 2022"]
[Site "Denmark"]
[Date "2022.10.30"]
[Round "2.5"]
[White "Smith, Axel"]
[Black "Olsen, Filip Boe"]
[Result "1/2-1/2"]
[ECO "A18"]
[WhiteElo "2402"]
[BlackElo "2433"]
[Annotator "ChessBase"]
[PlyCount "104"]
[EventDate "2022.10.29"]
[EventType "team-tourn"]
[EventCountry "DEN"]
[SourceTitle "playchess.com"]
[Source "ChessBase"]
[SourceQuality "1"]
[TimeControl "40/5400+30:1800+30"]

1. c4 Nf6 2. Nc3 e6 3. e4 d5 4. cxd5 exd5 5. e5 Ne4 6. d4 Bb4 7. Qa4+ Nc6 8. Bb5 Bd7 9. Nge2 O-O 10. O-O Bxc3 11. bxc3 a6 12. Bxc6 Bxc6 13. Qc2 Bb5 14. a4 Bc4 15. f3 Ng5 16. Bxg5 Qxg5 17. f4 Qh6 18. Rf3 f5 19. Ng3 Qe6 20. Nf1 Bxf1 21. Rfxf1 c5 22. Rab1 Rac8 23. Qb3 Rf7 24. Rfd1 Rd7 25. Qb6 Qxb6 26. Rxb6 cxd4 27. Rxd4 Rxc3 28. e6 Re7 29. Rxd5 g6 30. Rd7 Rc7 31. Rxc7 Rxc7 32. Kf2 Rc4 33. Kf3 Rxa4 34. Rxb7 Re4 35. Rb6 a5 36. g4 h6 37. Ra6 a4 38. h4 h5 39. gxf5 gxf5 40. Ra5 Rxe6 41. Rxa4 Kg7 42. Ra7+ Kg6 43. Ra8 Kg7 44. Ra7+ Kg6 45. Ra2 Rb6 46. Rg2+ Kf6 47. Rg5 Rb3+ 48. Ke2 Rb2+ 49. Kd3 Rb3+ 50. Ke2 Rb2+ 51. Kd3 Rb3+ 52. Ke2 Rb2+ 1/2-1/2

[Event "Denmark Team Championship 2022"]
[Site "Denmark"]
[Date "2022.10.30"]
[Round "2.5"]
[White "Hove, Esben Kjems"]
[Black "Hansen, Lars Bo"]
[Result "1-0"]
[ECO "A40"]
[WhiteElo "2305"]
[BlackElo "2560"]
[Annotator "ChessBase"]
[PlyCount "68"]
[EventDate "2022.10.29"]
[EventType "team-tourn"]
[EventCountry "DEN"]
[SourceTitle "playchess.com"]
[Source "ChessBase"]
[SourceQuality "1"]
[TimeControl "40/5400+30:1800+30"]

1. d4 e6 2. Nf3 Nf6 3. g3 c5 4. Bg2 cxd4 5. O-O d5 6. Nxd4 e5 7. Nb3 Be6 8. c4 Nc6 9. cxd5 Nxd5 10. N1d2 h6 11. Ne4 Qb6 12. Nd6+ Bxd6 13. Bxd5 Bxd5 14. Qxd5 Rd8 15. Be3 Qa6 16. Bc5 Bxc5 17. Qxc5 Qxe2 18. f4 Qd3 19. fxe5 Rd5 20. Qf2 Nxe5 21. Qxa7 O-O 22. Qf2 h5 23. Rae1 f6 24. Re3 Qa6 25. Qe2 Qxa2 26. Ra1 Qxa1+ 27. Nxa1 Rfd8 28. Nb3 Rd1+ 29. Kg2 Rb1 30. Rc3 Rdd1 31. Qxh5 Rxb2+ 32. Kh3 Rd8 33. Qf5 g6 34. Qe6+ Kg7 1-0